 Dungeon Crawl Stone Soup version 0.31-a0-1603-gbec6b6ccbf (webtiles) character file.

Game seed: 10062230986242845448

7 anacleto the Changeling (level 2, 7/15 HPs)
             Began as a Merfolk Shapeshifter on Jan 7, 2024.
             Quit the game on level 1 of the Dungeon.
             The game lasted 00:01:08 (85 turns).

anacleto the Changeling (Merfolk Shapeshifter)        Turns: 85, Time: 00:01:08

Health: 7/15       AC:  0    Str: 14    XL:     2   Next: 4%
Magic:  2/2        EV: 16    Int:  9    God:
Gold:   0          SH:  0    Dex: 13    Spells: 1/1 levels left

rFire   . .          .
                       - Unarmed
rCold   . . .        (shield currently unavailable)
rNeg    . . .        a - melded +0 animal skin
rPois   .            (no helmet)
rElec   .            (no cloak)
rCorr   .            (no gloves)
SInv    .            (no boots)
Will    .....        (no amulet)
Stlth   +            (no ring)
HPRegen 0.22/turn    (no ring)
MPRegen 0.08/turn

%: no passive effects
@: flux-form, glowing
A: glow, contaminating, reduced hp, (nimble swimmer 2), mertail
a: Begin Untransformation


You were on level 1 of the Dungeon.
You were something dangerously unstable.
You visited 1 branch of the dungeon, and saw 1 of its levels.

Inventory:

Armour
 a - a +0 animal skin (melded)
Jewellery
 e - an amulet of faith
Talismans
 c - a beast talisman
 d - a flux talisman (active)
Potions
 b - a potion of lignification


   Skills:
 + Level 1.4 Fighting
 + Level 2.9 Dodging
 + Level 3.4 Unarmed Combat
 + Level 4.1 Shapeshifting


You had one spell level left.
You didn't know any spells.
Your spell library contained the following spells:

 Spells                   Type           Power      Damage    Failure   Level
 Magic Dart               Conj           0%         1d3       38%         1
 Blink                    Tloc           0%         N/A       52%         2
 Call Imp                 Summ           0%         N/A       52%         2


Dungeon Overview and Level Annotations

Branches:
Dungeon (1/15)

Altars:


Innate Abilities, Weirdness & Mutations

You are something dangerously unstable.
You glow with magical radiation, making you easy to see and hit.
Foes you strike become dangerously contaminated with magical radiation.
Your maximum health is decreased, since you lack skill for your form.
You are incapable of wielding weapons or throwing items.
((You are very nimble when in or above water. (Stealth+, EV+, Speed+++)))
Your lower body shifts to a powerful aquatic tail in water.


Message History

The giant cockroach begins to glow.
The giant cockroach barely misses you.
You barely miss the giant cockroach. The giant cockroach bites you.
* * * LOW HITPOINT WARNING * * *
The giant cockroach closely misses you.
You hit the giant cockroach but do no damage.
The giant cockroach glows dangerously bright.
The giant cockroach bites you.
* * * LOW HITPOINT WARNING * * *
You hit the giant cockroach.
You kill the giant cockroach!
The bat closely misses you. The bat barely misses you.
You hit the bat.
You kill the bat!
Found a book of Minor Magic.
You see here a rat corpse.
You start resting.
A bat comes into view.
A bat is nearby!
A bat is nearby!
Items here: ( ) ††.
Found a square silver amulet and a robe.
Found a robe.
The bat hits you.
You hit the bat.
The bat begins to glow.
The bat is heavily wounded.
The bat barely misses you.
You completely miss the bat.
The bat is heavily wounded.
The bat misses you.
Found a ring mail and a scroll labelled XER ULLYUW YSI.
The bat hits you.
* * * LOW HITPOINT WARNING * * *
You hit the bat.
You kill the bat!
You have reached level 2!
Found 7 stones.
e - an amulet of faith You pick up a book of Minor Magic and begin reading...
You add the spells Magic Dart, Blink and Call Imp to your library.
Are you sure you want to abandon this character and quit the game? (Confirm with "yes".)

#.###...##.## ##
#.# ###.##.####
#.# ##.#.....####
#. #...........#
#.####.####.####.#
#......#.#...#(#
######)##.....## #
#†#.[.....#.#
#.........p[..#
#.#.#.......#..#
#.#.##.....##..# #
..#?#...#[ .#
#.####.#### #..
.... ### ####.


There were no monsters in sight!

Vanquished Creatures
  An endoplasm (D:1)
  A giant cockroach (D:1)
  A kobold (D:1)
  2 bats (D:1)
  A frilled lizard (D:1)
  A rat (D:1)
7 creatures vanquished.

Notes
Turn   | Place    | Note
-------+----------+-------------------------------------------
     0 | D:1      | anacleto the Merfolk Shapeshifter began the quest for the
                  | Orb.
     0 | D:1      | Reached XP level 1. HP: 15/15 MP: 1/1
    77 | D:1      | Reached XP level 2. HP: 5/21 MP: 2/2
    85 | D:1      | Quit the game

Illustrated notes

Levels and vault maps discovered:
D:1:      scummos_arrival_checkerplants, layout_loops_ring, serial_glass,
          glass_columns_a, glass_columns_b, st_stairs_14, minmay_nonomino_d4

Action                     || total
---------------------------++-------
  Melee: Unarmed           ||    26
Ability: Begin Untransform ||     1
 Armour: Skin              ||     7
  Dodge: Dodged            ||    18
   Form: Flux              ||     1

Table legend: (Time is in decaauts)
 A = Elapsed time spent in this place.
 B = Non-inter-level travel time spent in this place.
 C = Inter-level travel time spent in this place.
 D = Time resting spent in this place.
 E = Time spent auto-exploring this place.
 F = Levels seen in this place.
 G = Mean time per level.
                   A        B        C        D        E       F      G
               +--------+--------+--------+--------+--------+-----+--------+
         Total |     83 |     83 |      0 |      3 |     21 |   1 |   83.0 |
       Dungeon |     83 |     83 |      0 |      3 |     21 |   1 |   83.0 |
               +--------+--------+--------+--------+--------+-----+--------+

Top non-repeatable levels by time:
     D:1: 83 daAuts
